 Dungeon Crawl Stone Soup version 0.31-a0-819-gf6de2f5ab6 (webtiles) character file.

Game seed: 4116929745217386379

17 Shayle the Vexing (level 2, -1/28 HPs)
             Began as an Ogre Hexslinger on Sept 23, 2023.
             Slain by an orc
             ... wielding a +1 whip of electrocution
              (4 damage)
             ... on level 2 of the Dungeon.
             The game lasted 00:01:28 (759 turns).

Shayle the Vexing (Ogre Hexslinger)                  Turns: 759, Time: 00:01:29

Health: -1/28      AC:  3    Str: 11    XL:     2   Next: 62%
Magic:  4/4        EV: 10    Int: 14    God:
Gold:   92         SH:  0    Dex: 11    Spells: 4/4 levels left

rFire   . . .        a - +2 sling
rCold   . . .        (no shield)
rNeg    . . .        c - +0 robe
rPois   .            (helmet restricted)
rElec   .            (no cloak)
rCorr   .            (gloves unavailable)
SInv    .            (boots unavailable)
Will    .....        (no amulet)
Stlth   +            (no ring)
HPRegen 0.24/turn    (no ring)
MPRegen 0.09/turn

%: no passive effects
@: no status effects
A: large, unfitting armour, tough skin 1
a: no special abilities


You were on level 2 of the Dungeon.
You visited 1 branch of the dungeon, and saw 2 of its levels.

You collected 92 gold pieces.

Inventory:

Hand Weapons
 a - a +2 sling (weapon)
Armour
 c - a +0 robe (worn)
Scrolls
 b - 2 scrolls of poison
 h - a scroll of noise


   Skills:
 + Level 2.1 Fighting
 - Level 1.3 Ranged Weapons
 - Level 1.7 Dodging
 + Level 1.7 Spellcasting
 - Level 2.6 Hexes
 + Level 1.3 Fire Magic
 + Level 1.0 Invocations


You had 4 spell levels left.
You didn't know any spells.
Your spell library contained the following spells:

 Spells                   Type           Power      Damage    Failure   Level
 Jinxbite                 Hex            16%        N/A       12%         2
 Sigil of Binding         Hex            8%         N/A       24%         3
 Inner Flame              Hex/Fire       6%         N/A       32%         3
 Blink                    Tloc           2%         N/A       36%         2
 Lesser Beckoning         Tloc           2%         N/A       36%         2
 Momentum Strike          Conj/Tloc      2%         3d8       36%         2
 Cause Fear               Hex            4%         N/A       63%         4
 Dimensional Bullseye     Hex/Tloc       2%         N/A       80%         4


Dungeon Overview and Level Annotations

Branches:
Dungeon (2/15)

Altars:


Innate Abilities, Weirdness & Mutations

You are too large for most types of armour.
You have tough skin. (AC +1)


Message History

It is a scroll of enchant weapon.
Your +1 sling glows red for a moment.
The orc hits you with a +1 whip of electrocution.
* * * LOW HITPOINT WARNING * * *
As you read the scroll labelled KEUSURHOEDD, it dissolves into smoke.
It was a scroll of fog.
The orc barely misses you.
You aren't carrying any items that you can evoke.
You feel better.
The orc hits you with a +1 whip of electrocution.
The orc priest closely misses you.
You shoot a sling bullet. The sling bullet hits the orc priest.
The orc priest is lightly wounded.
The orc hits you with a +1 whip of electrocution.
The orc priest looks encouraged for a moment.
Unknown command.
You shoot a sling bullet.
The sling bullet barely misses the orc priest.
The orc misses you.
The orc priest hits you but does no damage.
The orc barely misses you.
Unknown command.
You shoot a sling bullet. The sling bullet hits the orc priest.
The orc priest is moderately wounded.
The orc priest closely misses you. The orc barely misses you.
The orc priest hits you with a +0 short sword.
Unknown command.
You shoot a sling bullet.
The sling bullet closely misses the orc priest.
The orc hits you with a +1 whip of electrocution.
The orc priest hits you with a +0 short sword.
Unknown command.
You shoot a sling bullet. The sling bullet hits the orc priest.
The orc priest is heavily wounded.
The orc hits you with a +1 whip of electrocution.
* * * LOW HITPOINT WARNING * * *
The orc priest calls down the wrath of Beogh upon you.
Pain shoots through your body!
* * * LOW HITPOINT WARNING * * *
The orc hits you with a +1 whip of electrocution.
You die...

###....####......#
##..#######.....#
#.........#.)...#
#...##......#.....# ....##
#......#.....# ####
#.....###.###
#####.....#...#..
#####§§..............
######.§o@o§.............. .
#......####§..............
.....o..................(<...
o..########o.........#.....>.
?..[...####o.........##...#..
....o.....†.##...[...########
.......#oo..##.......#
.........#############
.......###


You could see an orc priest and an orc.

Vanquished Creatures
  A bat (D:1)
  3 endoplasms
  3 giant cockroaches
  2 goblins
  2 kobolds
  A ball python (D:1)
  A frilled lizard (D:2)
  3 rats (D:1)
16 creatures vanquished.

Notes
Turn   | Place    | Note
-------+----------+-------------------------------------------
     0 | D:1      | Shayle the Ogre Hexslinger began the quest for the Orb.
     0 | D:1      | Reached XP level 1. HP: 19/19 MP: 2/2
   106 | D:1      | Found a faded altar of an unknown god.
   256 | D:1      | Reached skill level 1 in Fire Magic
   318 | D:1      | Reached XP level 2. HP: 28/28 MP: 2/4
   728 | D:2      | Reached skill level 1 in Invocations
   759 | D:2      | Slain by an orc

Illustrated notes

Levels and vault maps discovered:
D:1:      nzn_arrival_settlement, layout_basic,
          hellmonk_ecumenical_altar_lost_god, minmay_pentomino_z2
D:2:      layout_rooms

Skill      XL: |  1  2 |
---------------+-------+-----
Fire Magic     | 1 |  1.3
Fighting       | 2 |  2.1
Invocations    | 1 |  1.0
Ranged Weapons | |  1.3
Dodging        | |  1.7
Spellcasting   | |  1.7
Hexes          | |  2.6

Action                     || total
---------------------------++-------
   Fire: Sling             ||    59
    Use: Scroll            ||     4
         Potion            ||     2
 Armour: Robe              ||    19
  Dodge: Dodged            ||    12

Table legend: (Time is in decaauts)
 A = Elapsed time spent in this place.
 B = Non-inter-level travel time spent in this place.
 C = Inter-level travel time spent in this place.
 D = Time resting spent in this place.
 E = Time spent auto-exploring this place.
 F = Levels seen in this place.
 G = Mean time per level.
                   A        B        C        D        E       F      G
               +--------+--------+--------+--------+--------+-----+--------+
         Total |    778 |    776 |      2 |      0 |    618 |   2 |  389.0 |
       Dungeon |    778 |    776 |      2 |      0 |    618 |   2 |  389.0 |
               +--------+--------+--------+--------+--------+-----+--------+

Top non-repeatable levels by time:
     D:1: 663 daAuts
     D:2: 114 daAuts
